cohdb
Replays
Latest Replays
All Replays
Popular Replays
Top Player Replays
Match Explorer
How It Works
Community
CoH3 Stats
Reddit
Sign in to upload your games and track your stats! →
Sign in with Steam
Match 47123246
Unlisted
Match 47123246
Overview
Messages
Build Orders
End
Kradschützen Motorcycle Team
Selects Italian Infantry
Panzerpioneer Squad
Panzerpioneer Squad
250 Light Carrier
Construct Light Support Kompanie
Combat Half-tracks
MG34 Team
2.5-tonne Medical Truck
Fire Support Elements
Panzerjäger Mechanized Group
Selects Guastatori Squad
Guastatori Squad
Guastatori Squad
Construct Panzerarmee Kommand
Pak 38 Mechanized Group
Selects Registered Artillery
Selects Towed Cannone da 105/28 Field Howitzer
Selects Defensive Operations
Guastatori Squad
Armored Reserves
Panzer IV Assault Group
Emergency Repair Kits
Selects Prepared Positions
Registered Artillery
Towed Cannone da 105/28 Field Howitzer
stediscus
mentoss
0
0
Comments
sign in to comment!
No comments posted yet!